Unix NetHack Version 5.0.0-0 post-release - last build May 31 2026 23:59:36 (970b52f25bf058293b47ddfd14a1e40e571c508c,branch:main).

Game began 2026-06-09 12:02:20, ended 2026-06-09 15:02:09.

LDaviesPeters, neutral female human Archeologist

                                ------  -----
                                |....|  |...|
                                |.`..----.`.|
                                |.``........|
                                |..--->---i.|
                                |---------@---
                                |.^.^.<|..`..|
                                |.^----|`..%.|
                                --^|   |.`...|
                                 |^-----.`...|
                                 |^^^^^^`.`..|
                                 |..----------
                                 ----

LDaviesPeters the Investigator  St:17 Dx:11 Co:17 In:18 Wi:16 Ch:7  Neutral
Dlvl:7  $:0  HP:0(61) Pw:30(30) AC:1  Xp:7 T:6433 

Latest messages:
 v - a scroll of create monster.
 You see here a crossbow.
 What do you want to use or apply? [abe-gkopBIW or ?*] b
 You put a scroll of create monster into the sack.
 You put a scroll of remove curse into the sack.
 You put a scroll of teleportation into the sack.
 You climb up the stairs.
 With great effort you move the boulder.
 With great effort you move the boulder.
 You hear a monster behind the boulder.
 Perhaps that's why you cannot move it.
 With great effort you move the boulder.
 You lash the tiger!
 The tiger hits!
 The tiger hits again!
 The tiger bites!
 You lash the tiger!
 The tiger turns to flee.
 Are you waiting to get hit?  Use 'm' prefix to force a no-op (to rest).
 You lash the quasit!
 The quasit hits!
 The quasit hits again!
 The quasit bites!
 You miss the quasit.
 The quasit hits!
 The quasit hits again!
 The quasit bites!
 You miss the quasit.
 The quasit hits!
 The quasit hits again!
 The quasit bites!
 You lash the quasit!
 The quasit hits!
 The quasit's sting was poisoned!
 The quasit hits again!
 The quasit bites!
 You lash the quasit!
 The quasit hits!
 The quasit hits again!
 The quasit bites!
 You miss the quasit.
 The quasit hits!
 The quasit hits again!
 The quasit bites!
 You die...
 Do you want your possessions identified? [ynq] (y) y
 Do you want to see your attributes? [ynq] (y) y
 Do you want an account of creatures vanquished? [ynaq] (y) n
 Do you want to see your conduct and achievements? [ynq] (y) y
 Do you want to see the dungeon overview? [ynq] (y) n

Inventory:
 Weapons  (')')
  Q - 3 +0 daggers
  a - a +2 bullwhip (weapon in right hand)
 Armor    ('[')
  C - an uncursed +0 helm of caution
  E - an uncursed +3 orcish helm (being worn)
  P - an uncursed +0 pair of iron shoes (being worn)
  z - an uncursed +0 shield of reflection (being worn)
  h - an uncursed +0 leather jacket (being worn)
 Comestibles  ('%')
  q - 2 uncursed slime molds
  j - an uncursed clove of garlic
  d - 5 uncursed food rations
  w - an uncursed tripe ration
 Rings    ('=')
  n - an uncursed ring of free action (on left hand)
  u - a cursed ring of polymorph named Cursed?
 Wands    ('/')
  e - a wand of lightning (0:4)
  W - a blessed wand of polymorph (0:4)
  o - a wand of slow monster (0:6)
  I - a wand of striking named Empty (0:0)
 Tools    ('(')
  b - an uncursed sack containing 6 items
  B - an uncursed blindfold
  p - a +0 pick-axe
  k - an uncursed skeleton key
  f - a tinning kit (0:84)
 Gems/Stones  ('*')
  l - 3 cursed aquamarine stones
  g - an uncursed touchstone

Contents of the sack:
  200 gold pieces
  an uncursed scroll of create monster
  an uncursed scroll of fire
  an uncursed scroll of remove curse
  an uncursed scroll of teleportation
  an uncursed potion of restore ability

LDaviesPeters the Archeologist's attributes:

Background:
 You were an Investigator, a level 7 female human Archeologist.
 You were neutral, nominally on a mission for Camaxtli
 who was opposed by Quetzalcoatl (lawful) and Huhetotl (chaotic).
 You were right-handed.
 You were in Sokoban, on level 7.
 You entered the dungeon 6433 turns ago.
 You had 1012 experience points, 268 more were needed to attain level 8.

Basics:
 You had 0 out of 61 hit points.
 You had all 30 energy points (spell power).
 Your armor class was 1.
 Your wallet was empty, but
 you had 200 zorkmids stashed away in your pack.
 Autopickup was off.

Final Characteristics:
 Your strength was 17 (limit:18/100).
 Your dexterity was 11 (limit:18).
 Your constitution was 17 (limit:18).
 Your intelligence was 18 (limit:18).
 Your wisdom was 16 (limit:18).
 Your charisma was 7 (limit:18).

Final Status:
 You weren't hungry.
 You were unencumbered.
 You were wielding a whip.
 You had expert skill with whip.

Final Attributes:
 You were piously aligned.
 You had automatic searching.
 You were stealthy.
 You had reflection.
 You had free action.
 You are dead.

Miscellaneous:
 You encountered 1 bones level.
 Total elapsed playing time was 1 hour, 26 minutes and 17 seconds.

Major events:
 Turn
    1: LDaviesPeters the neutral female human Archeologist entered the dungeon
 1404: entered the Gnomish Mines
 1412: attained the rank of Field Worker (level 3)
 3965: attained the rank of Investigator (level 6)
 6388: entered Sokoban
 6433: killed by a quasit

Spells:
 Name                 Level Category     Fail Retention
 chain lightning        2   attack       100%   51%-75%
 jumping                1   escape       100%  76%-100%
 healing                1   healing      100%  76%-100%

Skills:
 Fighting Skills
   bare handed combat [Unskilled]
   two weapon combat  [Unskilled]
   riding             [Unskilled]
 Weapon Skills
   dagger             [Unskilled]
   knife              [Unskilled]
   pick-axe           [Basic]
   short sword        [Unskilled]
   saber              [Unskilled]
   club               [Unskilled]
   quarterstaff       [Unskilled]
   sling              [Unskilled]
   dart               [Unskilled]
   boomerang          [Unskilled]
   whip               [Expert]
   unicorn horn       [Unskilled]
 Spellcasting Skills
   attack spells      [Unskilled]
   healing spells     [Unskilled]
   divination spells  [Unskilled]
   matter spells      [Unskilled]

Voluntary challenges:
 Character rerolling was not enabled.
 You were an atheist.
 You never genocided any monsters.
 You never polymorphed an object.
 You never changed form.
 You used no wishes.
 You did not violate any of the special Sokoban rules.
Achievements:
 You entered a shop.
 You entered the Gnomish Mines.
 You attained the rank of Field Worker.
 You attained the rank of Investigator.
 You entered Sokoban.

 The Dungeons of Doom: levels 1 to 9
    Level 1:
       A fountain, a grave.
    Level 2:
       An armor shop, a grave.
    Level 3:
       Stairs down to The Gnomish Mines.
    Level 4:
       A fountain.
    Level 5:
       A grave.
    Level 6:
    Level 7:
       Many fountains.
    Level 8:
       A fountain, a sink.
       Stairs up to Sokoban, level 7.
    Level 9:
 The Gnomish Mines: levels 4 to 5
    Level 4:
    Level 5:
       A grave.
       Final resting place for
          MorbidBlack-Hea-Gno-Fem-Neu, killed by a homunculus,
          Stef75-Rog-Hum-Mal-Cha, killed by a hill orc.
 Sokoban:
    Level 7: <- You were here.
       Unsolved.
       Final resting place for
          you, killed by a quasit.


Vanquished creatures:
  a ghost
  a large cat
  3 wolves
  a giant spider
  a horse
  2 dwarf leaders
  a dust vortex
  a raven
 an imp
  a wood nymph
  2 rock piercers
  a rock mole
  a pony
  a yellow light
  a violet fungus
  2 gnome leaders
  a gnomish wizard
  2 gray oozes
  a ghoul
  5 giant ants
  2 floating eyes
  5 dwarves
  2 homunculi
  3 kobold leaders
  a kobold shaman
  2 giant bats
  2 dwarf zombies
  a werejackal
  6 iguanas
  4 killer bees
  2 acid blobs
  a hobbit
  9 manes
  2 large kobolds
  2 hobgoblins
  6 giant rats
  2 yellow molds
  2 green molds
 12 gnomes
  2 garter snakes
  4 geckos
 11 jackals
  3 foxes
  a kobold
  a goblin
  3 sewer rats
  7 grid bugs
  7 lichens
  2 kobold zombies
  5 newts
142 creatures vanquished.

No species were genocided or became extinct.

Game over:
                       ----------
                      /          \
                     /    REST    \
                    /      IN      \
                   /     PEACE      \
                  /                  \
                  |  LDaviesPeters   |
                  |      200 Au      |
                  |   killed by a    |
                  |      quasit      |
                  |                  |
                  |                  |
                  |       2026       |
                 *|     *  *  *      | *
        _________)/\\_//(\/(/\)/\//\/|_)_______

Goodbye LDaviesPeters the Archeologist...

You died in Sokoban on dungeon level 7 with 4638 points,
and 200 pieces of gold, after 6433 moves.
You were level 7 with a maximum of 61 hit points when you died.

